 Dungeon Crawl Stone Soup version 0.29-a0-885-gb26ba3297d (webtiles) character file.

Game seed: 5712770866704474616

986 lesbiats the Conjurer (level 7, -1/60 HPs)
             Began as a Yellow Draconian Conjurer on July 20, 2022.
             Slain by a killer bee (8 damage)
             ... on level 7 of the Dungeon on July 21, 2022.
             The game lasted 00:29:14 (8272 turns).

lesbiats the Conjurer (Yellow Draconian Conjurer)   Turns: 8272, Time: 00:29:15

Health: -1/60      AC:  6    Str:  9    XL:     7   Next: 97%
Magic:  13/13      EV: 12    Int: 20    God:
Gold:   285        SH:  0    Dex: 10    Spells: 9/15 levels left

rFire   . . .      SeeInvis .   B - +0 war axe (freeze)
rCold   + . .      Faith    .   (no shield)
rNeg    . . .      Spirit   .   (body armour unavailable)
rPois   .          Reflect  .   (helmet restricted)
rElec   .          Harm     .   (no cloak)
rCorr   +          Rampage  .   (no gloves)
Will    +....                   (no boots)
Stlth   ++........              k - amulet of magic regeneration
HPRegen 0.20/turn               r - ring of willpower
MPRegen 0.53/turn               t - ring of protection from cold

@: lethally poisoned (-1 -> -22), about to teleport
A: spit acid, AC +6, unfitting armour, cold-blooded, acid resistance
a: Breathe Acid


You were on level 7 of the Dungeon.
You visited 2 branches of the dungeon, and saw 8 of its levels.

You collected 285 gold pieces.

Inventory:

Hand Weapons
 u - a +0 broad axe
 B - a +0 war axe of freezing (weapon)
Missiles
 l - 7 poisoned darts
 m - 6 javelins
 q - a throwing net
Magical Staves
 z - a staff of cold
Jewellery
 k - an amulet of magic regeneration (around neck)
 r - a ring of willpower (left hand)
 t - a ring of protection from cold (right hand)
 E - an amulet of faith
Wands
 a - a wand of flame (53)
 s - a wand of roots (12)
Scrolls
 d - 2 scrolls of teleportation
 e - 2 scrolls of magic mapping
 g - 4 scrolls of amnesia
 h - a scroll of immolation {unknown}
 i - a scroll of acquirement {unknown}
 j - a scroll of silence {unknown}
 n - 3 scrolls of butterflies
 y - a scroll of enchant weapon {unknown}
 C - a scroll of fear {unknown}
 D - 2 scrolls of enchant armour
Potions
 c - 3 potions of might
 f - a potion of flight
 o - a potion of cancellation {unknown}
 p - a potion of ambrosia {unknown}
 v - a potion of degeneration {unknown}
 w - 3 potions of lignification
 A - 2 potions of haste


   Skills:
 + Level 4.7 Fighting
 - Level 1.7 Dodging
 - Level 1.7 Stealth
 + Level 4.5 Spellcasting
 * Level 7.7 Conjurations


You had 9 spell levels left.
You knew the following spells:

 Your Spells              Type           Power      Damage    Failure   Level
a - Magic Dart            Conj           100%       1d8       1%          1
b - Searing Ray           Conj           70%        2d7       1%          2
c - Dazzling Flash        Conj/Hex       38%        N/A       8%          3

Your spell library contained the following spells:

 Spells                   Type           Power      Damage    Failure   Level
 Static Discharge         Conj/Air       19%        3-6/arc   3%          2
 Mephitic Cloud           Conj/Pois/Air  14%        N/A       13%         3
 Call Imp                 Summ           4%         N/A       19%         2
 Sublimation of Blood     Necr           4%         N/A       19%         2
 Fulminant Prism          Conj/Hex       9%         3d7       26%         4
 Iskenderun's Mystic Bla  Conj/Tloc      19%        2d6       26%         4
 Sticky Flame             Conj/Fire      19%        2d4       26%         4
 Ozocubu's Armour         Ice            4%         N/A       36%         3
 Irradiate                Conj/Tmut      9%         3d14      56%         5
 Dispel Undead            Necr           4%         3d7       77%         4
 Petrify                  Tmut/Erth      4%         N/A       77%         4
 Metabolic Englaciation   Hex/Ice        2%         N/A       98%         5
 Simulacrum               Ice/Necr       2%         N/A       100%        6


Dungeon Overview and Level Annotations

Branches:
Dungeon (7/15)             Temple (1/1) D:4

Altars:
Ashenzari
Dithmenos
Elyvilon
Fedhas
Gozag
Hepliaklqana
Kikubaaqudgha
Makhleb
Nemelex Xobeh
Qazlal
Ru
Sif Muna
Trog
Uskayaw
Xom
Yredelemnul
Zin
The Shining One

Shops:
D:5 :


Innate Abilities, Weirdness & Mutations

You can spit globs of acid.
Your golden yellow scales are hard. (AC +6)
You cannot fit into any form of body armour.
You are cold-blooded and may be slowed by cold attacks.
You are resistant to acid. (rCorr)


Message History

You feel very sick. The killer bee stings you.
You are more poisoned.
The killer bee poisons you! The killer bee closely misses you.
The killer bee barely misses you. The killer bee stings you. x2
A killer bee comes into view.
You feel better. The killer bee barely misses you. x2
The killer bee closely misses you. The killer bee stings you.
The killer bee barely misses you.
You hit the killer bee. You freeze the killer bee.
The killer bee is heavily wounded.
You closely miss the killer bee. You miss the killer bee.
The killer bee barely misses you. The killer bee completely misses you.
The killer bee stings you. x2
You are poisoned.
The killer bee poisons you! The killer bee closely misses you.
The killer bee stings you!
You are more poisoned.
The killer bee poisons you! The killer bee stings you.
The killer bee barely misses you.
The killer bee stings you but does no damage.
The killer bee attacks as you move away!
The killer bee stings you.
* * * LOW HITPOINT WARNING * * *
You feel very sick.
The killer bee stings you but does no damage.
The killer bee stings you.
* * * LOW HITPOINT WARNING * * *
The killer bee stings you but does no damage.
You see here a +0 sling.
As you read the scroll of teleportation, it crumbles to dust.
You feel strangely unstable.
* * * LOW HITPOINT WARNING * * *
You feel very sick. The killer bee stings you.
* * * LOW HITPOINT WARNING * * *
You are more poisoned.
The killer bee poisons you! The killer bee barely misses you.
The killer bee stings you!
You die...

..#...... ..#..... ....y.
.....# ## ....# .....
....... #...###.....
............##y.......... #.
............#yy..........
#.#............#@y..........
#.#............#............
..#............#............
..#............#............
..+...............##........
..#...............##........
...........#.##...##........
..########.#.##...##........
.......# #.#.##...##...#####


You could see 5 killer bees.

Vanquished Creatures
  Sigmund (D:2)
  An orc warrior (D:6)
  A black bear (D:6)
  A sky beast (D:7)
  An ogre (D:4)
  A necrophage (D:7)
  An orc priest (D:6)
  A jelly (D:4)
  Natasha (twice) (D:2)
  2 iguanas (D:5)
  2 orc wizards (D:6)
  3 gnolls (D:4)
  7 adders
  A white imp (D:6)
  An ufetubus (D:6)
  2 worms (D:5)
  3 dart slugs
  13 orcs
  4 endoplasms
  2 giant cockroaches
  6 goblins
  5 hobgoblins
  3 kobolds
  4 quokkas
  4 ball pythons
  2 bats (D:2)
  2 frilled lizards
  6 rats
82 creatures vanquished.

Vanquished Creatures (others)
  20 fungi (D:6)
20 creatures vanquished.

Grand Total: 102 creatures vanquished

Notes
Turn   | Place    | Note
-------+----------+-------------------------------------------
     0 | D:1      | lesbiats the Draconian Conjurer began the quest for the
                  | Orb.
     0 | D:1      | Reached XP level 1. HP: 14/14 MP: 3/3
   423 | D:1      | Reached XP level 2. HP: 22/22 MP: 0/5
   431 | D:1      | Learned a level 2 spell: Searing Ray
  1093 | D:2      | Reached skill level 1 in Fighting
  1767 | D:2      | Reached XP level 3. HP: 28/28 MP: 3/6
  2236 | D:2      | Noticed Natasha
  2241 | D:2      | Killed Natasha
  2242 | D:2      | Reached XP level 4. HP: 21/36 MP: 0/8
  2245 | D:2      | Noticed Sigmund
  2673 | D:2      | Noticed Natasha
  2680 | D:2      | Killed Natasha
  2681 | D:2      | Reached skill level 5 in Conjurations
  2919 | D:2      | Killed Sigmund
  2920 | D:2      | Reached XP level 5. HP: 22/45 MP: 0/10
  2920 | D:2      | Reached XP level 6. HP: 24/51 MP: 0/11
  3844 | D:3      | Found Zodu's Antique Weapon Shoppe.
  4354 | D:4      | Found a staircase to the Ecumenical Temple.
  4363 | Temple   | Entered the Ecumenical Temple
  4628 | D:4      | Reached skill level 6 in Conjurations
  5652 | D:5      | Entered Level 5 of the Dungeon
  6185 | D:5      | Found Lyteras's Book Boutique.
  6458 | D:5      | Your scales start taking on a golden yellow colour.
  6458 | D:5      | Reached XP level 7. HP: 58/58 MP: 9/12
  6458 | D:5      | Gained mutation: You are resistant to acid. (rCorr) [Yellow
                  | Draconian growth]
  6719 | D:5      | Learned a level 3 spell: Dazzling Flash
  7003 | D:6      | Reached skill level 7 in Conjurations
  8272 | D:7      | Slain by a killer bee

Illustrated notes

Levels and vault maps discovered:
D:1:      heliophobic_arrival_glass_houses, layout_loops_cross,
          kennysheep_doodads
D:2:      layout_basic, serial_glass, glass_columns_a, glass_columns_a,
          glass_columns_c, glass_columns_a, glass_columns_b, glass_columns_b,
          glass_columns_c, glass_columns_c, glass_columns_a, glass_columns_c,
          glass_columns_a, glass_columns_a, glass_columns_b, glass_columns_b,
          uniq_sigmund, uniq_natasha
D:3:      layout_loops_corners, serial_shops, shop,
          chequers_serial_rivers_micro_b, nrook_mini_backslash
D:4:      layout_loops_corners, minmay_temple_entry_arrows
D:5:      layout_gridville, serial_shops, shop
D:6:      layout_loops_ring, serial_aquarium, aquarium_bridge_island_small
          [aquarium_subvault_small_open, aquarium_subvault_wall,
          aquarium_subvault_wall, aquarium_subvault_bridge,
          aquarium_subvault_window], aquarium_window_corridor_2,
          aquarium_window_fake, aquarium_view_2f, aquarium_view_2d,
          aquarium_pool_2, mrwooster_statue_mirror
D:7:      layout_basic
Temple:   nicolae_temple_bog_church

Skill      XL: |  1  2  3  4  5  6  7 |
---------------+----------------------+-----
Fighting       | 1 3 4 |  4.7
Conjurations   | 5 6 7 |  7.7
Spellcasting   | 3 4 |  4.5
Dodging        | |  1.7
Stealth        | |  1.7

Action                   |  1- 3 |  4- 6 |  7- 9 || total
-------------------------+-------+-------+-------++-------
Melee: Club              |    13 |    15 |       ||    28
       Unarmed           |     2 |       |       ||     2
       Tailslap          |     1 |     5 |     2 ||     8
       Broad axe         |       |    13 |    13 ||    26
       War axe           |       |       |    16 ||    16
Throw: Dart              |       |    16 |     5 ||    21
       Javelin           |       |       |     1 ||     1
 Cast: Magic Dart        |    61 |    46 |    14 ||   121
       Searing Ray       |     2 |     9 |    10 ||    21
 Abil: Breathe Acid      |       |       |     5 ||     5
  Use: Scroll            |     3 |     5 |     5 ||    13
       Potion            |       |     3 |     5 ||     8
 Stab: Sleeping          |     1 |       |       ||     1
Armor: Skin              |     6 |    10 |    24 ||    40
Dodge: Dodged            |    16 |    24 |    35 ||    75

Table legend: (Time is in decaauts)
 A = Elapsed time spent in this place.
 B = Non-inter-level travel time spent in this place.
 C = Inter-level travel time spent in this place.
 D = Time resting spent in this place.
 E = Time spent auto-exploring this place.
 F = Levels seen in this place.
 G = Mean time per level.
                   A        B        C        D        E       F      G
               +--------+--------+--------+--------+--------+-----+--------+
         Total |   8313 |   7803 |    510 |   2712 |   4393 |   8 | 1039.1 |
       Dungeon |   8057 |   7628 |    429 |   2712 |   4238 |   7 | 1151.0 |
        Temple |    255 |    174 |     81 |      0 |    155 |   1 |  255.0 |
               +--------+--------+--------+--------+--------+-----+--------+

Top non-repeatable levels by time:
     D:2: 2134 daAuts
     D:4: 1254 daAuts
     D:1: 1083 daAuts
     D:5: 1080 daAuts
     D:6: 1071 daAuts
     D:3: 946 daAuts
     D:7: 487 daAuts
  Temple: 255 daAuts
